 Dungeon Crawl Stone Soup version 0.28-a0-906-g0406aca7d3 (webtiles) character file.

Game seed: 7116904336938859633

317 vineage the Skirmisher (level 6, 0/42 HPs)
             Began as a Gargoyle Fighter on Nov 23, 2021.
             Slain by Pikel (3 damage)
             ... on level 4 of the Dungeon.
             The game lasted 00:04:08 (3482 turns).

vineage the Skirmisher (Gargoyle Fighter)           Turns: 3482, Time: 00:04:08

Health: 0/42       AC: 14    Str: 26    XL:     6   Next: 45%
Magic:  6/6        EV: 10    Int:  8    God:
Gold:   95         SH:  5    Dex: 11    Spells: 5/5 levels left

rFire   + . .      SeeInvis .   a - +1 flail
rCold   + . .      Faith    .   c - +0 buckler
rNeg    + + .      Spirit   .   d - +4 ring mail {rF+}
rPois   ∞          Reflect  .   (no helmet)
rElec   +          Harm     .   (no cloak)
rCorr   .          Rampage  .   (no gloves)
Will    .....                   (no boots)
Stlth   +.........              (no amulet)
HPRegen 0.14/turn               b - ring "Ceerch" {rC+ rN+ Str+6}
MPRegen 0.10/turn               (no ring)

@: studying Fighting
A: sickness immunity, AC +4, negative energy resistance 1, electricity
resistance, torment resistance 1, petrification resistance
a: no special abilities


You were on level 4 of the Dungeon.
You visited 1 branch of the dungeon, and saw 4 of its levels.

You collected 95 gold pieces.

Inventory:

Hand Weapons
 a - a +1 flail (weapon)
Armour
 c - a +0 buckler (worn)
 d - a +4 ring mail of fire resistance (worn)
Jewellery
 b - the ring "Ceerch" (left hand) {rC+ rN+ Str+6}
   (You acquired it on level 3 of the Dungeon)

   [ring of strength]

   Str:       It affects your strength (+6).
   rC:        It protects you from cold.
   rN:        It protects you from negative energy.
Wands
 i - a wand of acid (4)
Scrolls
 e - a scroll of amnesia
 g - a scroll of identify
 j - a scroll of noise {unknown}
Potions
 h - a potion of haste {unknown}
 l - a potion of degeneration {unknown}


   Skills:
 * Level 6.5 Fighting
 + Level 3.4 Maces & Flails
 + Level 4.4 Armour
 + Level 4.4 Shields


You had 5 spell levels left.
You didn't know any spells.
Your spell library contained the following spells:

 Spells                   Type           Power      Damage    Failure   Level
 Sandblast                Erth           0%         2d4       54%         1
 Passwall                 Tmut/Erth      0%         N/A       67%         2
 Stone Arrow              Conj/Erth      0%         3d7       88%         3


Dungeon Overview and Level Annotations

Branches:
Dungeon (4/15)
 Temple: D:4-7

Altars:
Elyvilon
Kikubaaqudgha
Uskayaw
Vehumet
Yredelemnul

Annotations:
D:4 Pikel


Innate Abilities, Weirdness & Mutations

You are immune to sickness and miasma.
Your stone body is resilient. (AC +4)
You are immune to poison.
You resist negative energy. (rN+)
You are resistant to electric shocks. (rElec)
You are resistant to unholy torment.
You are immune to petrification.


Message History

You closely miss Pikel.
Pikel is heavily wounded.
Pikel says, "You'll feel the lick of my whip!"
Pikel hits you but does no damage.
Pikel hits you with a +1 whip of freezing.
You thump Pikel!
Pikel is severely wounded.
Pikel hits you but does no damage.
You barely miss Pikel.
Pikel is severely wounded.
You block Pikel's attack.
You hit Pikel but do no damage.
Pikel is severely wounded.
Pikel hits you with a +1 whip of freezing.
You closely miss Pikel.
Pikel is severely wounded.
You block Pikel's attack.
You hit Pikel but do no damage.
Pikel is severely wounded.
Pikel hits you but does no damage.
Pikel hits you with a +1 whip of freezing.
Pikel freezes you.
You hit Pikel but do no damage.
Pikel is severely wounded.
Pikel closely misses you.
You closely miss Pikel.
Pikel is severely wounded.
Pikel barely misses you.
You completely miss Pikel.
Pikel is severely wounded.
Pikel hits you with a +1 whip of freezing.
* * * LOW HITPOINT WARNING * * *
Pikel freezes you.
* * * LOW HITPOINT WARNING * * *
You closely miss Pikel.
Pikel is severely wounded.
Pikel hits you with a +1 whip of freezing.
* * * LOW HITPOINT WARNING * * *
Pikel hits you with a +1 whip of freezing.
You die...

#.# #...# #.##..
##+#.###...# #.....
#....÷.....########
#..........'......( ##+
+....).....######## ....
########...............#
.....
#.....#####.###........#
......##....5#####.#
#....)...#
......5'....555K@..#
#........#
.......#.....#######
##########
.......#.....#
##+#+#.#.....# #.#.....#
#.#.....# #.#.....#
#.#######


You could see Pikel and 4 lemures.

Vanquished Creatures
  The ghost of zikan the Covered, a weakling MiFi (D:3)
  A jelly (D:4)
  2 iguanas (D:4)
  2 orc wizards (D:4)
  A hound skeleton (D:4)
  6 adders
  2 worms (D:2)
  3 dart slugs
  11 orcs
  5 endoplasms
  5 hobgoblins
  4 kobolds
  A quokka (D:1)
  10 bats
  2 frilled lizards
  2 goblins (D:1)
  A jackal zombie (D:3)
  4 rats
63 creatures vanquished.

Notes
Turn   | Place    | Note
-------+----------+-------------------------------------------
     0 | D:1      | vineage the Gargoyle Fighter began the quest for the Orb.
     0 | D:1      | Reached XP level 1. HP: 14/14 MP: 1/1
   593 | D:1      | Reached XP level 2. HP: 19/19 MP: 2/2
  1102 | D:2      | Reached XP level 3. HP: 24/24 MP: 3/3
  1185 | D:2      | Reached skill level 4 in Fighting
  1536 | D:2      | Reached XP level 4. HP: 27/29 MP: 4/4
  1835 | D:3      | Found a runed translucent door.
  1838 | D:3      | Noticed zikan's ghost (weakling MiFi)
  1931 | D:3      | Found an ancient bone altar of Kikubaaqudgha.
  1947 | D:3      | Identified 2 scrolls of acquirement
  1947 | D:3      | Acquired the ring "Ceerch" {rC+ rN+ Str+6}
  1948 | D:3      | Acquired a manual of Fighting
  2002 | D:3      | Found a faded altar of an unknown god.
  2124 | D:3      | Found a hide-covered altar of Uskayaw.
  2533 | D:3      | Killed zikan's ghost
  2534 | D:3      | Reached skill level 5 in Fighting
  2534 | D:3      | Reached XP level 5. HP: 12/35 MP: 5/5
  2788 | D:4      | Found a basalt altar of Yredelemnul.
  2812 | D:4      | Found a radiant altar of Vehumet.
  3001 | D:4      | Reached XP level 6. HP: 38/41 MP: 6/6
  3054 | D:4      | Reached skill level 6 in Fighting
  3312 | D:4      | Found a white marble altar of Elyvilon.
  3450 | D:4      | Noticed Pikel
  3482 | D:4      | Slain by Pikel

Illustrated notes

Levels and vault maps discovered:
D:1:      minmay_arrival_plants_in_alcoves, layout_loops_ring, minmay_ruptured
D:2:      layout_loops_ring
D:3:      minmay_spotlight, layout_rooms, lemuel_round_altar,
          nicolae_overflow_hidden_temple, serial_curves, eino_curves_04,
          eino_curves_02, shapermc_ecumenical_altar_hornbeckon,
          ebering_ghost_sewer_d
D:4:      layout_basic, kennysheep_ying_yang, kennysheep_mini, uniq_pikel

Skill      XL: |  1  2  3  4  5  6 |
---------------+-------------------+-----
Fighting       | 4 5 6 |  6.5
Maces & Flails | 3 |  3.4
Armour         | 4 |  4.4
Shields        | 4 |  4.4

Action                   |  1- 3 |  4- 6 || total
-------------------------+-------+-------++-------
Melee: Flail             |    80 |   179 ||   259
  Use: Scroll            |       |     7 ||     7
       Potion            |       |     2 ||     2
Armor: Scale mail        |    42 |    23 ||    65
       Chain mail        |       |    24 ||    24
       Ring mail         |       |    57 ||    57
Dodge: Dodged            |    33 |    72 ||   105
Block: Buckler           |    13 |    35 ||    48

Table legend: (Time is in decaauts)
 A = Elapsed time spent in this place.
 B = Non-inter-level travel time spent in this place.
 C = Inter-level travel time spent in this place.
 D = Time resting spent in this place.
 E = Time spent auto-exploring this place.
 F = Levels seen in this place.
 G = Mean time per level.
                   A        B        C        D        E       F      G
               +--------+--------+--------+--------+--------+-----+--------+
         Total |   3561 |   3378 |    183 |    275 |   2468 |   4 |  890.2 |
       Dungeon |   3561 |   3378 |    183 |    275 |   2468 |   4 |  890.2 |
               +--------+--------+--------+--------+--------+-----+--------+

Top non-repeatable levels by time:
     D:1: 1037 daAuts
     D:3: 950 daAuts
     D:2: 824 daAuts
     D:4: 749 daAuts
